 Dungeon Crawl Stone Soup version 0.22.1 (webtiles) character file.

2 MalarOregon the Firebug (level 1, 0/14 HPs)
             Began as a Hill Orc Fire Elementalist on Sept 17, 2018.
             Hit by a stone thrown by a kobold (1 damage)
             ... on level 1 of the Dungeon.
             The game lasted 00:00:58 (139 turns).

MalarOregon the Firebug (Hill Orc Fire Elementalist) Turns: 139, Time: 00:00:59

Health: 0/14       AC:  2    Str: 10    XL:     1   Next: 40%
Magic:  0/3        EV: 12    Int: 15    God:
Gold:   18         SH:  0    Dex: 11    Spells: 2/3 levels left

rFire    . . .     SeeInvis .   c - +0 whip
rCold    . . .     Gourm    .   (no shield)
rNeg     . . .     Faith    .   a - +0 robe
rPois    .         Spirit   .   (no helmet)
rElec    .         Reflect  .   (no cloak)
rCorr    .         Harm     .   (no gloves)
MR       .....                  (no boots)
Stlth    ++........             (no amulet)
HPRegen  0.04/turn              (no ring)
MPRegen  0.08/turn              (no ring)

@: no status effects
A: no striking features
a: no special abilities


You were on level 1 of the Dungeon.
You were not hungry.

You visited 1 branch of the dungeon, and saw 1 of its levels.

You collected 18 gold pieces.

Inventory:

Hand Weapons
 c - a +0 whip (weapon)
   (You took it off a kobold on level 1 of the Dungeon)
Armour
 a - a +0 robe (worn)
 d - a cursed +0 leather armour
   (You found it on level 1 of the Dungeon)
Comestibles
 b - a chunk of flesh
 e - 2 rations {!d}


   Skills:
 + Level 0.2 Fighting
 + Level 0.1 Armour
 + Level 1.6 Dodging
 - Level 1.5 Stealth
 - Level 1.5 Spellcasting
 + Level 1.0 Conjurations
 + Level 3.3 Fire Magic


You had 2 spell levels left.
You knew the following spells:

 Your Spells              Type           Power        Failure   Level  Hunger
a - Flame Tongue          Conj/Fire      #....        10%         1    ##.....

Your spell library contained the following spells:

 Spells                   Type           Power        Failure   Level  Hunger
 Throw Flame              Conj/Fire      #.....       14%         2    ###....
 Conjure Flame            Conj/Fire      #.......     28%         3    ####...
 Inner Flame              Hex/Fire       #.......     34%         3    ####...
 Sticky Flame             Conj/Fire      #.......     67%         4    #####..
 Fireball                 Conj/Fire      #.........   95%         5    ######.


Dungeon Overview and Level Annotations

Branches:
Dungeon (1/15)

Altars:


Message History

d - a glowing leather armour You now have 16 gold pieces (gained 8).
Found an escape hatch in the floor.
Found a scroll labeled DIJISTRA UNNI VENA.
Found a stone staircase leading down.
You now have 18 gold pieces (gained 2).
A goblin and a hobgoblin come into view.
The hobgoblin shouts!
There are monsters nearby!
There are monsters nearby!
There are monsters nearby!
The hobgoblin misses you.
The goblin shouts!
You hit the hobgoblin but do no damage.
You hear a shout!
The hobgoblin barely misses you.
You closely miss the hobgoblin.
The hobgoblin hits you but does no damage.
You closely miss the hobgoblin. The hobgoblin barely misses you.
The goblin hits you but does no damage.
You barely miss the goblin. The hobgoblin hits you with a club.
The goblin completely misses you.
You hit the goblin but do no damage. The hobgoblin closely misses you.
The goblin hits you but does no damage.
You barely miss the goblin. The hobgoblin misses you.
The goblin barely misses you.
You closely miss the goblin. The goblin barely misses you.
The hobgoblin hits you with a club.
You hit the goblin. The goblin hits you with a dagger.
* * * LOW HITPOINT WARNING * * *
The hobgoblin closely misses you.
Aim: a goblin, wielding a dagger (moderately wounded)
The flame tongue misses the goblin.
The goblin barely misses you. The hobgoblin hits you with a club.
* * * LOW HITPOINT WARNING * * *
Aim: a goblin, wielding a dagger (moderately wounded)
The flame tongue hits the goblin.
You kill the goblin!
The hobgoblin hits you with a club.
* * * LOW HITPOINT WARNING * * *
Aim: a hobgoblin, wielding a club The flame tongue hits the hobgoblin.
The hobgoblin hits you with a club.
* * * LOW HITPOINT WARNING * * *
You don't have enough magic to cast that spell.
A kobold comes into view. It is wielding a short sword.
The kobold shouts!
The kobold throws a stone.
The stone hits you but does no damage.
You see here a stone.
The kobold throws a stone.
The stone hits you.
You die...

*,**,*,,**,.....##*##....#
**,**,,#...,#...$.,,....#**
**,,***,,...,#.##.###)...#.. *
*,,*****##K.,#..#...........
******,,,,,,,?...##...........###
,,,,,.,,**#####............##....
,***##.*###.....#.##.......#**#..
,,,,,..##...#...#.......÷..# *,.
*,**###.........@(g.......## *,,
,,,,...........>####.......# *,,
,,,,..........###..........# *,,
*,***,#......§###..........#####.
,,**,,#.....§....................
**,,,*#....§§§###........#..####.
**,***#...§§§§# #......##........
**,* #....§§§# ####.####........
,,,***#....§§§######.####........


You could see a hobgoblin and a kobold.

Vanquished Creatures
  A goblin (D:1)
  A bat (D:1)
  A kobold (D:1)
3 creatures vanquished.

Notes
Turn   | Place    | Note
-------+----------+-------------------------------------------
     0 | D:1      | MalarOregon the Hill Orc Fire Elementalist began the quest
                  | for the Orb.
     0 | D:1      | Reached XP level 1. HP: 14/14 MP: 3/3
   139 | D:1      | Hit by a stone thrown by a kobold

Action                   || total
-------------------------++-------
Melee: Whip              ||    18
 Cast: Flame Tongue      ||     4
  Use: Scroll            ||     4
Armor: Robe              ||    12
Dodge: Dodged            ||    21
